 Dungeon Crawl Stone Soup version 0.27-a0-1196-g3e9cee4cb2 (webtiles) character file.

Game seed: 2821059227299221898

319 Ijustatesigmund the Chopper (level 6, 28/49 HPs)
             Began as a Demonspawn Fighter on May 27, 2021.
             Quit the game on level 5 of the Dungeon.
             The game lasted 00:04:13 (4465 turns).

Ijustatesigmund the Chopper (Demonspawn Fighter)    Turns: 4465, Time: 00:04:13

Health: 28/49      AC:  8    Str: 16    XL:     6   Next: 21%
Magic:  6/6        EV:  4    Int:  9    God:
Gold:   141        SH: 10    Dex: 15    Spells: 5/5 levels left

rFire    . . .     SeeInvis .   a - +0 war axe
rCold    . . .     Faith    .   c - +1 kite shield
rNeg     . . .     Spirit   .   b - +0 chain mail
rPois    .         Reflect  .   (no helmet)
rElec    .         Harm     .   (no cloak)
rCorr    .         Rampage  .   (no gloves)
Will     .....                  (no boots)
Stlth    ..........             (no amulet)
HPRegen  0.16/turn              (no ring)
MPRegen  0.10/turn              (no ring)

@: no status effects
A: claws 2, demonic guardian 1, foul stench 1
a: no special abilities


You were on level 5 of the Dungeon.
You visited 1 branch of the dungeon, and saw 5 of its levels.

You collected 141 gold pieces.

Inventory:

Hand Weapons
 a - a +0 war axe (weapon)
Armour
 b - a +0 chain mail (worn)
 c - a +1 kite shield (worn)
Wands
 e - a wand of flame (20)
 f - a wand of acid (9)
Scrolls
 h - a scroll of fog {unknown}
 j - a scroll of teleportation {unknown}
 m - a scroll of identify
 n - a scroll of acquirement {unknown}
 o - 3 scrolls of immolation
Potions
 d - a potion of might
 g - a potion of berserk rage
 i - a potion of haste
 k - a potion of attraction {unknown}
 l - a potion of mutation {unknown}


   Skills:
 + Level 4.6 Fighting
 * Level 5.0 Axes
 - Level 2.6 Armour
 - Level 2.6 Shields


You had 5 spell levels left.
You didn't know any spells.
Your spell library contained the following spells:

 Spells                   Type           Power      Damage    Failure   Level
 Animate Skeleton         Necr           0%         N/A       100%        1
 Beastly Appendage        Tmut           0%         N/A       100%        1
 Corona                   Hex            0%         N/A       100%        1
 Pain                     Necr           0%         1d4       100%        1
 Ensorcelled Hibernation  Hex/Ice        0%         N/A       100%        2
 Wereblood                Tmut           0%         N/A       100%        2
 Confusing Touch          Hex            0%         N/A       100%        3
 Dazzling Flash           Conj/Hex       0%         N/A       100%        3
 Spider Form              Tmut/Pois      0%         N/A       100%        3
 Tukima's Dance           Hex            0%         N/A       100%        3
 Vampiric Draining        Necr           0%         2d6       100%        3
 Animate Dead             Necr           0%         N/A       100%        4
 Ice Form                 Ice/Tmut       0%         N/A       100%        4
 Agony                    Necr           0%         N/A       100%        5
 Hydra Form               Tmut           0%         N/A       100%        5


Dungeon Overview and Level Annotations

Branches:
Dungeon (5/15)
 Temple: D:4-7

Altars:
Ashenzari
Fedhas
Nemelex Xobeh
Ru
Sif Muna
Yredelemnul

Shops:
D:1 ?   D:3 :


Innate Abilities, Weirdness & Mutations

You have very sharp fingernails.
A weak demonic guardian rushes to your aid.
You may rarely emit foul miasma when damaged in melee.


Message History

No target in view!
No target in view!
No target in view!
o - 3 scrolls of immolation (gained 1)
A centaur comes into view.
The centaur shouts!
The centaur wields a +0 shortbow.
The centaur shoots an arrow.
The arrow hits you.
The centaur shoots an arrow.
The arrow hits you but does no damage.
The centaur shoots an arrow.
You block the arrow.
The centaur shoots an arrow.
The arrow hits you.
The centaur unwields a +0 shortbow.
You block the centaur's attack.
The centaur kicks you but does no damage.
You slash the centaur!
The centaur is moderately wounded.
You block the centaur's attack. The centaur kicks you. The centaur hits you.
The centaur kicks you but does no damage.
The centaur hits you but does no damage.
The centaur kicks you but does no damage.
You slash the centaur!
The centaur is severely wounded.
The centaur barely misses you. You block the centaur's attack. x2
The centaur kicks you but does no damage.
You closely miss the centaur.
The centaur is severely wounded.
The centaur hits you.
The centaur kicks you but does no damage.
The centaur hits you.
The centaur kicks you but does no damage.
The centaur hits you but does no damage.
The centaur barely misses you.
You slash the centaur!
You kill the centaur!
Your Axes skill increases to level 5!
You have reached level 6!
Your experience leads to an increase in your attributes!
Increase (S)trength, (I)ntelligence, or (D)exterity?
You feel agile.
Your demonic ancestry asserts itself...
You feel the presence of a demonic guardian.
Are you sure you want to abandon this character and quit the game? (Confirm with "yes".)

#### ...
##########..
..........
#.......#
#.......#
#....)..#
#....@..#
###....##
#....#
#....#
##..##
##.#####
#.....#
#.....#
#.....#


There were no monsters in sight!

Vanquished Creatures
  A centaur (D:5)
  A scorpion (D:4)
  An orc priest (D:3)
  A centaur zombie (D:5)
  A hound zombie (D:5)
  3 gnolls
  2 adders
  A dart slug (D:4)
  3 orcs (D:3)
  9 ball pythons
  4 bats
  2 endoplasms (D:1)
  4 giant cockroaches
  A goblin (D:2)
  9 hobgoblins
  2 jackals (D:4)
  3 kobolds
  4 quokkas
  2 frilled lizards
  2 rats
56 creatures vanquished.

Notes
Turn   | Place    | Note
-------+----------+-------------------------------------------
     0 | D:1      | Ijustatesigmund the Demonspawn Fighter began the quest for
                  | the Orb.
     0 | D:1      | Reached XP level 1. HP: 18/18 MP: 1/1
   151 | D:1      | Reached skill level 2 in Axes
   214 | D:1      | Found Fyfiwn's Magic Scroll Shop.
   371 | D:1      | Found a faded altar of an unknown god.
   482 | D:1      | Gained mutation: You have sharp fingernails. [demonic
                  | ancestry]
   482 | D:1      | Reached XP level 2. HP: 24/24 MP: 2/2
  1108 | D:2      | Found a basalt altar of Yredelemnul.
  1385 | D:2      | Reached XP level 3. HP: 26/29 MP: 3/3
  1816 | D:4      | Reached skill level 3 in Axes
  2137 | D:3      | Gained mutation: You may rarely emit foul miasma when
                  | damaged in melee. [demonic ancestry]
  2137 | D:3      | Reached XP level 4. HP: 14/37 MP: 4/4
  3006 | D:3      | Found a sparkling altar of Nemelex Xobeh.
  3037 | D:3      | Found Lilieqes's Book Shop.
  3149 | D:3      | Found a shimmering blue altar of Sif Muna.
  3155 | D:3      | Found a sacrificial altar of Ru.
  3158 | D:3      | Found a blossoming altar of Fedhas.
  3172 | D:3      | Found a broken altar of Ashenzari.
  3704 | D:4      | Reached skill level 4 in Axes
  3825 | D:5      | Entered Level 5 of the Dungeon
  3826 | D:5      | Noticed a scorpion
  4098 | D:4      | Killed a scorpion
  4099 | D:4      | Gained mutation: You have very sharp fingernails. [demonic
                  | ancestry]
  4099 | D:4      | Reached XP level 5. HP: 25/42 MP: 5/5
  4456 | D:5      | Noticed a centaur
  4464 | D:5      | Killed a centaur
  4465 | D:5      | Reached skill level 5 in Axes
  4465 | D:5      | Gained mutation: A weak demonic guardian rushes to your
                  | aid. [demonic ancestry]
  4465 | D:5      | Reached XP level 6. HP: 28/49 MP: 6/6
  4465 | D:5      | Quit the game

Illustrated notes

Levels and vault maps discovered:
D:1:      co_arrival_random_square_maze, layout_basic, serial_shops, shop,
          basic_ecumenical_altar, minmay_box_of_dots
D:2:      layout_basic, basic_altar
D:3:      layout_rooms, grunt_temple_overflow_cloverleaf, lemuel_doored_altar,
          serial_shops, shop, minmay_misc_feat_five
D:4:      layout_loops_ring, grunt_decor_arrowhead
D:5:      layout_basic, serial_park_tiny_2, nicolae_underground_beach

Skill      XL: |  1  2  3  4  5 |
---------------+----------------+-----
Axes           | 2 3 4 5 |  5.0
Fighting       | 4 |  4.6
Armour         | |  2.6
Shields        | |  2.6

Action                   |  1- 3 |  4- 6 || total
-------------------------+-------+-------++-------
Melee: War axe           |    95 |    96 ||   191
  Use: Scroll            |     6 |       ||     6
       Potion            |     1 |     1 ||     2
Armor: Scale mail        |    41 |       ||    41
       Chain mail        |    24 |    54 ||    78
Dodge: Dodged            |    26 |    17 ||    43
Block: Kite shield       |    60 |    71 ||   131

Table legend: (Time is in decaauts)
 A = Elapsed time spent in this place.
 B = Non-inter-level travel time spent in this place.
 C = Inter-level travel time spent in this place.
 D = Time resting spent in this place.
 E = Time spent auto-exploring this place.
 F = Levels seen in this place.
 G = Mean time per level.
                   A        B        C        D        E       F      G
               +--------+--------+--------+--------+--------+-----+--------+
         Total |   4563 |   4482 |     81 |   1110 |   2852 |   5 |  912.6 |
       Dungeon |   4563 |   4482 |     81 |   1110 |   2852 |   5 |  912.6 |
               +--------+--------+--------+--------+--------+-----+--------+

Top non-repeatable levels by time:
     D:4: 1245 daAuts
     D:3: 1197 daAuts
     D:1: 1084 daAuts
     D:2: 763 daAuts
     D:5: 271 daAuts
